AoeStats
← ArcticSNG

Hideout

508699460Analyzed
1v1 RM · 10d ago on Sep 23, 2026· 44m 30s· 2 players
Game mode
Random Map
Map size
Tiny (2 player)
Population
200
Speed
Normal
Resources
Standard
Victory
Conquest
Starting age
Dark Age
Ending age
Imperial Age
RankedLock teamsTeams togetherTeam positionsShared explorationLock speedFull tech treeHidden civsTurbo modeCheats
Victory
Defeat
🇦🇷 Romans · Argentina
922
+18
🇦🇹 Burgundians · Austria
959
-18
ArcticSNG
6:44 Loom
9:46 Feudal Age
12:27 Double-Bit Axe
12:21 Man-at-Arms
13:29 Town Watch
13:56 Scale Mail Armor
16:45 Horse Collar
17:35 Fletching
19:29 Padded Archer Armor
28:28 Castle Age
27:59 Wheelbarrow
28:44 Pikeman
30:03 Chain Mail Armor
30:48 Forging
32:45 Squires
36:04 Iron Casting
35:57 Long Swordsman
37:17 Bow Saw
39:13 Bodkin Arrow
HansDampf87
4:44 Double-Bit Axe
8:21 Wheelbarrow
12:02 Feudal Age
10:50 Horse Collar
13:53 Bow Saw
20:31 Castle Age
20:21 Scale Barding Armor
20:27 Forging
20:37 Cavalier
27:58 Gold Mining
32:38 Heavy Plow
33:41 Two-Man Saw
34:01 Crop Rotation
36:27 Loom
Connection lost

Rejoining the realm…

Still unreachable

The connection could not be restored.

Session expired

The server has moved on; the page needs a fresh start.